 Dungeon Crawl Stone Soup version 0.28-a0-1374-ga75cb3825e (webtiles) character file.

Game seed: 7830009292519604688

256 BubbleThief the Summoner (level 6, -1/41 HPs)
             Began as a Barachi Summoner on Dec 31, 2021.
             Slain by a gnoll (10 damage)
             ... on level 4 of the Dungeon on Jan 1, 2022.
             The game lasted 00:07:39 (4476 turns).

BubbleThief the Summoner (Barachi Summoner)         Turns: 4476, Time: 00:07:40

Health: -1/41      AC:  2    Str:  9    XL:     6   Next: 15%
Magic:  8/10       EV: 12    Int: 17    God:
Gold:   164        SH:  0    Dex: 13    Spells: 7/11 levels left

rFire   . . .      SeeInvis .   o - +0 trident
rCold   . . .      Faith    .   (no shield)
rNeg    . . .      Spirit   .   a - +0 robe
rPois   .          Reflect  .   (no helmet)
rElec   .          Harm     .   (no cloak)
rCorr   .          Rampage  .   (no gloves)
Will    .....                   (no boots)
Stlth   ++........              (no amulet)
HPRegen 0.13/turn               (no ring)
MPRegen 0.12/turn               (no ring)

@: slow
A: amphibious, slowness 1, strong legs 1, +LOS
a: Hop


You were on level 4 of the Dungeon.
You visited 1 branch of the dungeon, and saw 4 of its levels.

You collected 164 gold pieces.

Inventory:

Hand Weapons
 o - a +0 trident (weapon)
Armour
 a - a +0 robe (worn)
 f - the +0 pair of gloves "Axkatudwi" {rF+ Str+2 Int-2 Slay+4}
   (You found it on level 2 of the Dungeon)

   Str:       It affects your strength (+2).
   Int:       It affects your intelligence (-2).
   Slay:      It affects your accuracy & damage with ranged weapons and melee
   (+4).
   rF:        It protects you from fire.
Wands
 d - a wand of iceblast (9)
Scrolls
 c - 6 scrolls of identify {unknown}
 h - a scroll of enchant weapon {unknown}
 j - 2 scrolls of teleportation {unknown}
 l - 2 scrolls of enchant armour {unknown}
Potions
 b - a potion of degeneration {unknown}
 g - a potion of attraction {unknown}
 i - a potion of lignification {unknown}
 k - 2 potions of heal wounds {unknown}
 m - a potion of mutation {unknown}
 n - a potion of flight {unknown}


   Skills:
 - Level 2.1 Dodging
 - Level 1.7 Stealth
 + Level 3.0 Spellcasting
 + Level 8.3 Summonings


You had 7 spell levels left.
You knew the following spells:

 Your Spells              Type           Power      Damage    Failure   Level
a - Summon Small Mammal   Summ           100%       N/A       1%          1
b - Call Canine Familiar  Summ           30%        N/A       1%          3

Your spell library contained the following spells:

 Spells                   Type           Power      Damage    Failure   Level
 Call Imp                 Summ           30%        N/A       1%          2
 Summon Guardian Golem    Hex/Summ       16%        N/A       10%         3
 Summon Lightning Spire   Summ/Air       16%        N/A       30%         4
 Fireball                 Conj/Fire      1%         3d3       99%         5
 Iskenderun's Battlesphe  Conj           2%         2d6       99%         5
 Conjure Ball Lightning   Conj/Air       1%         3x3d6     100%        6
 Orb of Destruction       Conj           1%         N/A       100%        7


Dungeon Overview and Level Annotations

Branches:
Dungeon (4/15)
 Temple: D:4-7

Altars:
Cheibriados
Elyvilon
Nemelex Xobeh
Uskayaw
Zin


Innate Abilities, Weirdness & Mutations

You are amphibious.
You cover ground slowly.
You can hop short distances.
You have an extended range of vision and can be seen from far away.


Message History

HP restored.
You climb downwards.
There is a stone staircase leading up, spattered with blood here.
Unknown command.
Casting: Call Canine Familiar (safe; 1% risk of failure)
Confirm with . or Enter, or press ? or * to list all spells.
The gnoll hits you from afar with a +1 halberd of protection!
Your hound scratches at a flea.
You reach to attack!
You hit the gnoll but do no damage.
Your hound completely misses the gnoll.
The gnoll hits you from afar with a +1 halberd of protection.
Your hound closely misses the gnoll.
You reach to attack!
You hit the gnoll.
The gnoll is moderately wounded.
Your hound misses the gnoll. The gnoll closely misses you.
Your hound bites the gnoll but does no damage.
The gnoll hits you from afar with a +1 halberd of protection!
You reach to attack!
You barely miss the gnoll.
The gnoll is moderately wounded.
Your hound bites the gnoll.
Your hound bites the gnoll but does no damage.
The gnoll hits you from afar with a +1 halberd of protection.
You reach to attack!
You hit the gnoll.
The gnoll is almost dead.
Your hound barely misses the gnoll.
The gnoll barely misses you.
Your hound bites the gnoll but does no damage.
You reach to attack!
You barely miss the gnoll.
The gnoll is almost dead.
Your hound bites the gnoll but does no damage.
The gnoll hits you from afar with a +1 halberd of protection!
* * * LOW HITPOINT WARNING * * *
Your hound barely misses the gnoll.
Reach: o) +0 trident
Press: ? - help, Dir - move target, f/p - gnoll
Aim: a gnoll, wielding a +1 halberd of protection (almost dead, ally target, about 42% to evade your +0 trident)
You reach to attack!
You closely miss the gnoll.
The gnoll is almost dead.
The gnoll misses you.
Your hound closely misses the gnoll.
The gnoll hits you from afar with a +1 halberd of protection!
You die...

.g# ..# ?.#
..# # ##).#
#. ##)?.#
#.###gh.#...#
#.....### ..#
##.@$## #
##.## ###


You could see a gnoll (ally target) and a friendly hound (summoned).

Vanquished Creatures
  A gnoll (D:3)
  A dart slug (D:1)
  3 orcs (D:3)
  A ball python (D:1)
  3 endoplasms
  2 giant cockroaches (D:2)
  3 goblins
  2 hobgoblins (D:2)
  2 jackals
  3 quokkas
  A bat (D:2)
  2 frilled lizards
  3 kobolds
  5 rats
32 creatures vanquished.

Vanquished Creatures (collateral kills)
  An orc priest (D:3)
  2 orc wizards (D:3)
  2 gnolls (D:4)
  4 adders (D:2)
  4 worms
  2 orcs (D:3)
  2 ball pythons (D:1)
  10 endoplasms
  2 giant cockroaches
  3 goblins
  4 hobgoblins
  5 jackals
  A kobold (D:1)
  2 quokkas (D:1)
  9 bats
  4 rats
57 creatures vanquished.

Grand Total: 89 creatures vanquished

Notes
Turn   | Place    | Note
-------+----------+-------------------------------------------
     0 | D:1      | BubbleThief the Barachi Summoner began the quest for the
                  | Orb.
     0 | D:1      | Reached XP level 1. HP: 13/13 MP: 3/3
   120 | D:1      | Reached skill level 5 in Summonings
   208 | D:1      | Reached XP level 2. HP: 18/19 MP: 1/5
   624 | D:1      | Found a faded altar of an unknown god.
   954 | D:1      | Reached XP level 3. HP: 11/24 MP: 4/6
   958 | D:1      | Learned a level 3 spell: Call Canine Familiar
  1117 | D:1      | Reached skill level 6 in Summonings
  1815 | D:2      | Reached XP level 4. HP: 15/30 MP: 2/7
  1822 | D:2      | Identified the +0 pair of gloves "Axkatudwi" {rF+ Str+2
                  | Int-2 Slay+4}
  2054 | D:2      | Reached skill level 7 in Summonings
  2841 | D:3      | Reached XP level 5. HP: 22/35 MP: 5/8
  2977 | D:3      | Found a snail-covered altar of Cheibriados.
  2977 | D:3      | Found a hide-covered altar of Uskayaw.
  2977 | D:3      | Found a sparkling altar of Nemelex Xobeh.
  2977 | D:3      | Found a white marble altar of Elyvilon.
  3389 | D:3      | Found a glowing silver altar of Zin.
  3694 | D:3      | Reached skill level 8 in Summonings
  4280 | D:4      | Reached XP level 6. HP: 40/41 MP: 6/10
  4476 | D:4      | Slain by a gnoll

Illustrated notes

Levels and vault maps discovered:
D:1:      moated_graveyard_arrival, layout_rooms,
          hellmonk_ecumenical_altar_lost_god, minmay_misc_feat_tower,
          minmay_misc_feat_more_columns, chequers_serial_rivers_large_a
D:2:      layout_basic, serial_glass, glass_columns_b, glass_columns_a,
          kennysheep_donut, minmay_indecisive_spiral
D:3:      layout_loops_corners, chequers_temple_overflow_statue_of_worship,
          zin_treasury, minmay_cupped
D:4:      layout_layer_cave, nicolae_overflow_hidden_temple

Skill      XL: |  1  2  3  4  5  6 |
---------------+-------------------+-----
Summonings     | 5 6 7 8 |  8.3
Spellcasting   | 3 |  3.0
Dodging        | |  2.1
Stealth        | |  1.7

Action                   |  1- 3 |  4- 6 || total
-------------------------+-------+-------++-------
Melee: Unarmed           |    10 |       ||    10
       Dagger            |    16 |       ||    16
       Quarterstaff      |    44 |    51 ||    95
       Trident           |       |    21 ||    21
 Cast: Summon Small Mamm |    33 |     8 ||    41
       Call Canine Famil |     6 |    18 ||    24
 Stab: Sleeping          |       |     3 ||     3
       Distracted        |       |     1 ||     1
Armor: Robe              |    25 |     9 ||    34
Dodge: Dodged            |    91 |    42 ||   133

Table legend: (Time is in decaauts)
 A = Elapsed time spent in this place.
 B = Non-inter-level travel time spent in this place.
 C = Inter-level travel time spent in this place.
 D = Time resting spent in this place.
 E = Time spent auto-exploring this place.
 F = Levels seen in this place.
 G = Mean time per level.
                   A        B        C        D        E       F      G
               +--------+--------+--------+--------+--------+-----+--------+
         Total |   4904 |   4847 |     57 |    161 |   3890 |   4 | 1226.0 |
       Dungeon |   4904 |   4847 |     57 |    161 |   3890 |   4 | 1226.0 |
               +--------+--------+--------+--------+--------+-----+--------+

Top non-repeatable levels by time:
     D:3: 1801 daAuts
     D:1: 1743 daAuts
     D:2: 1328 daAuts
     D:4: 31 daAuts
